 Dungeon Crawl Stone Soup version 0.32-a0-5-gbffa963729 (webtiles) character file.

Game seed: 13512055980400659521

96 shadizar the Magician (level 4, 0/35 HPs)
             Began as a Djinni Fire Elementalist on Jan 13, 2024.
             Slain by an iguana (13 damage)
             ... on level 4 of the Dungeon.
             The game lasted 00:03:37 (2911 turns).

shadizar the Magician (Djinni Fire Elementalist)    Turns: 2911, Time: 00:03:38

Health: 0/35       AC:  3    Str:  7    XL:     4   Next: 98%
Gold:   218        EV: 12    Int: 18    God:
                   SH:  0    Dex: 14

rFire   + + .        j - staff of alchemy
rCold   x . .        (no shield)
rNeg    . . .        a - +0 robe
rPois   ∞            (no helmet)
rElec   .            d - +0 cloak
rCorr   .            (no gloves)
SInv    .            (boots unavailable)
Will    .....        (no amulet)
Stlth   ++           (no ring)
HPRegen 0.25/turn    (no ring)
MPRegen 0.00/turn

%: infuse magic (-1 HP)
@: flying
A: sickness immunity, fire resistance 2, cold vulnerability 1, float, innate
caster, HP casting, extra vitality 1
a: no special abilities


You were on level 4 of the Dungeon.
You visited 1 branch of the dungeon, and saw 4 of its levels.

You collected 218 gold pieces.

Inventory:

Hand Weapons
 e - a +0 spear
Armour
 a - a +0 robe (worn)
 d - a +0 cloak (worn)
Magical Staves
 j - a staff of alchemy (weapon)
Wands
 m - a wand of iceblast (7)
Scrolls
 b - a scroll of identify {unknown}
 f - a scroll of fog {unknown}
 g - a scroll of enchant armour {unknown}
 h - 3 scrolls of vulnerability {unknown}
 i - 2 scrolls of amnesia {unknown}
 k - a scroll of silence {unknown}
Potions
 c - a potion of might {unknown}
 l - 3 potions of mutation {unknown}


   Skills:
 * Level 3.2 Fighting
 - Level 2.1 Dodging
 - Level 1.5 Stealth
 + Level 3.6 Spellcasting
 + Level 3.6 Conjurations
 + Level 3.6 Hexes
 + Level 3.6 Summonings
 + Level 3.6 Necromancy
 + Level 3.6 Translocations
 + Level 3.6 Fire Magic
 + Level 3.6 Ice Magic
 + Level 3.6 Air Magic
 + Level 3.6 Earth Magic
 + Level 3.6 Alchemy


You knew the following spells:

 Your Spells              Type           Power      Damage    Failure   Level
a - Foxfire               Conj/Fire      64%        2x1d7     3%          1
b - Scorch                Fire           32%        2d6       5%          2
c - Volatile Blastmotes   Fire/Tloc      32%        2d12      11%         3
d - Inner Flame           Hex/Fire       16%        N/A       11%         3
e - Flame Wave            Conj/Fire      16%        2d7       34%         4
f - Apportation           Tloc           32%        N/A       3%          1
Your spell library was empty.

Dungeon Overview and Level Annotations

Branches:
Dungeon (4/15)
 Temple: D:4-7

Altars:
Cheibriados

Shops:
D:2 :[([


Innate Abilities, Weirdness & Mutations

You are immune to sickness and miasma.
You are immune to poison.
Your flesh is very heat resistant. (rF++)
You are vulnerable to cold. (rC-)
You float through the air rather than walking.
You learn spells naturally, not from books.
Your magical power is your life essence.
You have superior vitality. (+4 MHP)


Message History

The adder is severely wounded.
An orc comes into view. It is wielding a +0 flail.
The orc priest mumbles some strange prayers to Beogh against you.
Beogh smites you!
Casting: Foxfire (safe; 3% risk of failure)
Confirm with . or Enter, or press ? or * to list all spells.
You conjure some foxfire!
The foxfire hits the adder.
You kill the adder!
The foxfire hits the iguana but does no damage.
Unknown command.
Casting: Foxfire (safe; 3% risk of failure)
Confirm with . or Enter, or press ? or * to list all spells.
You conjure some foxfire!
The foxfire hits the iguana but does no damage.
The foxfire hits the iguana.
The iguana is moderately wounded.
Unknown command.
Sorry, you're not good enough to have a special ability.
Unknown command.
The foxfire hits the iguana.
The iguana is heavily wounded.
The foxfire hits the iguana.
The iguana is heavily wounded.
The iguana closely misses you. The iguana attacks as it pursues you!
The iguana barely misses you.
There is an open door here.
A giant cockroach comes into view.
The giant cockroach moves out of view.
Casting: Foxfire (safe; 3% risk of failure)
Confirm with . or Enter, or press ? or * to list all spells.
Flames lash the iguana.
The iguana is almost dead.
The iguana's fire resistance burns away.
Unknown command.
Casting: Scorch (safe; 5% risk of failure)
Confirm with . or Enter, or press ? or * to list all spells.
Flames lash the orc priest.
You kill the orc priest!
The iguana bites you!
You die...

..:. #.# #)8$# #.# # #.
.!..##.## .# ##.# #...#..#
###.#### .... #.....# #......#
#..#####†...# #.#.##.#
#.........## ##.#.##.#
#........o.####....##.#####.#.
..+........g)l@........<.......
#.........###....###.#####...
##.......## #.#..# #.#
##.....## #.#..###.# ##...##
#.#......# ##+## #)###.##.# #.#
#.##.# #.. .....# ## ##.####


You could see an iguana (combustible), an orc and a hobgoblin.

Vanquished Creatures
  An orc priest (D:4)
  2 adders
  2 dart slugs
  A ribbon worm (D:2)
  5 bats
  6 endoplasms
  3 giant cockroaches
  5 goblins
  3 hobgoblins
  10 jackals
  A quokka (D:2)
  12 ball pythons
  5 frilled lizards
  5 kobolds
  7 rats
68 creatures vanquished.

Vanquished Creatures (others)
  92 foxfires
92 creatures vanquished.

Grand Total: 160 creatures vanquished

Notes
Turn   | Place    | Note
-------+----------+-------------------------------------------
     0 | D:1      | shadizar the Djinni Fire Elementalist began the quest for
                  | the Orb.
     0 | D:1      | shadizar set off with the following spells memorised:
                  | Foxfire, Scorch, Volatile Blastmotes, Inner Flame, Flame
                  | Wave.
     0 | D:1      | Reached XP level 1. HP: 15/15 MP: 0/0
   163 | D:1      | Reached skill level 1 in Fighting
   163 | D:1      | Reached XP level 2. HP: 20/22 MP: 0/0
   414 | D:1      | Reached XP level 3. HP: 22/28 MP: 0/0
   414 | D:1      | Learned a level 1 spell: Apportation
  1113 | D:2      | Found Potwaga's Antique Weapon Emporium.
  1176 | D:2      | Found a snail-covered altar of Cheibriados.
  1239 | D:2      | Found Nutrotirph's Book Emporium.
  1332 | D:2      | Found Kazul's Antique Armour Emporium.
  1507 | D:2      | Found Zukeimp's Antique Armour Emporium.
  1736 | D:2      | Reached XP level 4. HP: 32/34 MP: 0/0
  2896 | D:4      | Noticed a scorpion
  2911 | D:4      | Slain by an iguana

Illustrated notes

Levels and vault maps discovered:
D:1:      matt_arrival_spirals, layout_basic
D:2:      layout_loops_ring, serial_shops, shop, nicolae_shop_waterfront, shop,
          nicolae_diamond_shop, basic_altar, serial_co_window_serial,
          co_window_paths_b, co_window_corner_a, co_window_paths_b,
          co_window_of_opportunity_a, co_window_paths_b, co_window_paths_a,
          co_window_paths_a, co_window_of_opportunity_a, co_window_corner_a,
          co_window_corner_b, co_window_of_opportunity_c, co_window_corner_cb,
          co_window_broadway_c, co_window_paths_d, glass_columns_c
D:3:      layout_loops_ring
D:4:      layout_loops_corners, lemuel_crystal_altar, serial_shops,
          nicolae_stop_n_shop_2, minmay_door_square, minmay_circle_x

Skill      XL: |  1  2  3  4 |
---------------+-------------+-----
Fighting       | 1 2 3 |  3.2
Dodging        | |  2.1
Stealth        | |  1.5
Spellcasting   | |  3.6
Conjurations   | |  3.6
Hexes          | |  3.6
Summonings     | |  3.6
Necromancy     | |  3.6
Translocations | |  3.6
Fire Magic     | |  3.6
Ice Magic      | |  3.6
Air Magic      | |  3.6
Earth Magic    | |  3.6
Alchemy        | |  3.6

Action                     |  1- 3 |  4- 6 || total
---------------------------+-------+-------++-------
  Melee: Unarmed           |     1 |       ||     1
         Spear             |     2 |       ||     2
         Staff             |       |     2 ||     2
   Cast: Foxfire           |    53 |     9 ||    62
         Scorch            |    21 |    31 ||    52
 Armour: Robe              |    12 |     7 ||    19
  Dodge: Dodged            |    10 |     9 ||    19

Table legend: (Time is in decaauts)
 A = Elapsed time spent in this place.
 B = Non-inter-level travel time spent in this place.
 C = Inter-level travel time spent in this place.
 D = Time resting spent in this place.
 E = Time spent auto-exploring this place.
 F = Levels seen in this place.
 G = Mean time per level.
                   A        B        C        D        E       F      G
               +--------+--------+--------+--------+--------+-----+--------+
         Total |   2909 |   2858 |     51 |      0 |   2411 |   4 |  727.2 |
       Dungeon |   2909 |   2858 |     51 |      0 |   2411 |   4 |  727.2 |
               +--------+--------+--------+--------+--------+-----+--------+

Top non-repeatable levels by time:
     D:2: 1110 daAuts
     D:1: 1007 daAuts
     D:3: 748 daAuts
     D:4: 43 daAuts
